 10 Aisha the Firebug (level 2, -1/25 HPs)
             Began as a Naga Wanderer on Sept 29, 2019.
             Slain by a jackal (2 damage)
             ... on level 1 of the Dungeon.
             The game lasted 00:02:08 (224 turns).

Aisha the Firebug (Naga Wanderer)                    Turns: 224, Time: 00:02:09

Health: -1/25      AC:  1    Str: 15    XL:     2   Next: 20%
Magic:  0/2        EV:  9    Int: 11    God:
Gold:   16         SH:  0    Dex: 10    Spells: 0/1 levels left

rFire    . . .     SeeInvis +   h - +0 dagger
rCold    . . .     Gourm    .   (no shield)
rNeg     . . .     Faith    .   d - +0 robe
rPois    +         Spirit   .   (no helmet)
rElec    .         Reflect  .   (no cloak)
rCorr    .         Harm     .   (no gloves)
MR       .....                  (no barding)
Stlth    ++........             (no amulet)
HPRegen  0.08/turn              (no ring)
MPRegen  0.08/turn              (no ring)

@: very slightly contaminated, very slow
A: large, see invisible, deformed body, poison resistance, slowness 2, slow
metabolism 1, spit poison 1, AC +0
a: Spit Poison


Innate Abilities, Weirdness & Mutations

You cannot wear boots.
Your serpentine skin is tough. (AC +0)
You have supernaturally acute eyesight. (SInv)
Armour fits poorly on your strangely shaped body.
Your system is resistant to poisons. (rPois)
You cover ground very slowly.
You have a slow metabolism.
You can spit poison.


   Skills:
 - Level 1.0 Fighting
 - Level 2.0 Maces & Flails
 - Level 1.5 Armour
 + Level 2.0 Stealth
 + Level 0.3 Spellcasting
 * Level 0.8 Conjurations
 * Level 2.3 Fire Magic
   Level 1.0 Ice Magic
 - Level 1.0 Evocations


You couldn't memorise any spells.
You knew the following spells:

 Your Spells              Type           Power        Failure   Level  Hunger
z - Flame Tongue          Conj/Fire      #....        19%         1    ##.....

Your spell library contained the following spells:

 Spells                   Type           Power        Failure   Level  Hunger
 Throw Flame              Conj/Fire      #.....       28%         2    ###....
 Conjure Flame            Conj/Fire      #.......     50%         3    ####...
 Inner Flame              Hex/Fire       #.......     54%         3    ####...
 Sticky Flame             Conj/Fire      #.......     88%         4    #####..
 Fireball                 Conj/Fire      #.........   99%         5    ######.

Inventory:

Hand Weapons
 a - a +0 mace
 h - a +0 dagger (weapon)
Armour
 d - a +0 robe (worn)
Wands
 c - a wand of random effects (15)
Scrolls
 b - a scroll of teleportation {unknown}
 e - a scroll of enchant armour {unknown}
Potions
 g - a potion of resistance {unknown}
Comestibles
 f - a ration {@e1}
 i - 5 chunks of flesh


Message History

Use which ability? (? or * to list)
You can't do that yet.
Use which ability? (? or * to list)
Okay, then.
You barely miss the jackal. The jackal barely misses you.
You hit the jackal but do no damage.
You have got your breath back.
A bat comes into view.
The jackal bites you.
* * * LOW HITPOINT WARNING * * *
The jackal bites you.
* * * LOW HITPOINT WARNING * * *
The bat moves out of view.
Use which ability? (? or * to list)
Press: ? - help, Shift-Dir - straight line, f/p - jackal
Aim: a jackal The splash of poison misses the jackal.
You feel slightly more hungry. The jackal bites you.
* * * LOW HITPOINT WARNING * * *
Unknown command.
You hit the jackal.
The jackal is lightly wounded.
The jackal bites you.
* * * LOW HITPOINT WARNING * * *
Unknown command.
You barely miss the jackal.
The jackal is lightly wounded.
You have got your breath back.
The jackal closely misses you. The jackal bites you.
You die...

Skill      XL: |  1  2 |
---------------+-------+-----
Stealth        | 2 |  2.0
Fighting       | |  1.0
Maces & Flails | |  2.0
Armour         | |  1.5
Spellcasting   | |  0.3
Conjurations   | |  0.8
Fire Magic     | |  2.3
Ice Magic      | |  1.0
Evocations     | |  1.0

Action                   || total
-------------------------++-------
Melee: Dagger            ||    17
       Mace              ||     5
 Cast: Flame Tongue      ||     2
 Abil: Spit Poison       ||     6
Armor: Robe              ||     2
Dodge: Dodged            ||    13

Notes
Turn   | Place    | Note
-------+----------+-------------------------------------------
     0 | D:1      | Aisha the Naga Wanderer began the quest for the Orb.
     0 | D:1      | Aisha set off with the following items: a +0 mace, a wand
                  | of random effects (15), a +0 robe, a ration {@e1}; and the
                  | following spell memorised: Flame Tongue; and the following
                  | spells available to memorise: Throw Flame, Conjure Flame,
                  | Inner Flame, Sticky Flame, Fireball
     0 | D:1      | Reached XP level 1. HP: 18/18 MP: 1/1
   207 | D:1      | Reached XP level 2. HP: 23/25 MP: 0/2
   213 | D:1      | Reached skill level 2 in Stealth
   223 | D:1      | HP: 1/25 [jackal (2)]
   224 | D:1      | Slain by a jackal

Vanquished Creatures
  2 goblins (D:1)
  A hobgoblin (D:1)
  3 jackals (D:1)
  A kobold (D:1)
  A bat (D:1)
8 creatures vanquished.
